 Dungeon Crawl Stone Soup version 0.23.1-37-gaa34b87b72 (webtiles) character file.

Game seed: 3460779904851274082

57 MisterOstroum the Sneak (level 4, 0/29 HPs)
             Began as a Halfling Assassin on Mar 22, 2019.
             Slain by a bullfrog (3 damage)
             ... on level 2 of the Dungeon.
             The game lasted 00:06:47 (1011 turns).

MisterOstroum the Sneak (Halfling Assassin)         Turns: 1011, Time: 00:06:47

Health: 0/29       AC:  3    Str: 12    XL:     4   Next: 18%
Magic:  4/4        EV: 14    Int:  9    God:
Gold:   94         SH:  0    Dex: 16    Spells: 3/3 levels left

rFire    . . .     SeeInvis .   a - +2 dagger
rCold    . . .     Gourm    .   (shield restricted)
rNeg     . . .     Faith    .   c - +0 robe
rPois    .         Spirit   .   (no helmet)
rElec    .         Reflect  .   d - +0 cloak
rCorr    .         Harm     .   (no gloves)
MR       .....                  (no boots)
Stlth    +++.......             (no amulet)
HPRegen  0.09/turn              (no ring)
MPRegen  0.09/turn              (no ring)

@: no status effects
A: small, mutation resistance 1
a: no special abilities


You were on level 2 of the Dungeon.
You were not hungry.

You visited 1 branch of the dungeon, and saw 2 of its levels.

You collected 94 gold pieces.

Inventory:

Hand Weapons
 a - a +2 dagger (weapon)
 b - a +0 blowgun
Missiles
 e - 39 poisoned needles
 f - 2 curare-tipped needles
 j - 90 stones (quivered)
Armour
 c - a +0 robe (worn)
 d - a +0 cloak (worn)
Wands
 t - a wand of flame (26)
Scrolls
 h - 3 scrolls of identify {unknown}
 k - 2 scrolls of enchant armour {unknown}
 l - 5 scrolls of teleportation {unknown}
 r - a scroll of magic mapping {unknown}
 s - a scroll of remove curse {unknown}
 u - a scroll of blinking {unknown}
Potions
 i - a potion of ambrosia {unknown}
 m - a potion of flight {unknown}
 n - a potion of agility {unknown}
 o - a potion of curing {unknown}
 q - a potion of berserk rage {unknown}
Comestibles
 g - 3 rations


   Skills:
 - Level 1.7 Fighting
 - Level 3.6 Short Blades
 + Level 2.6 Throwing
 - Level 1.1 Dodging
 + Level 5.1 Stealth


You had 3 spell levels left.
You didn't know any spells.
Your spell library was empty.

Dungeon Overview and Level Annotations

Branches:
Dungeon (2/15)

Altars:
Ru


Innate Abilities, Weirdness & Mutations

You are small and have problems with some larger weapons.
You are somewhat resistant to further mutation.


Message History

The bullfrog is severely wounded.
The bullfrog closely misses you.
You hit the bullfrog.
The bullfrog is severely wounded.
The bullfrog barely misses you.
You hit the bullfrog.
The bullfrog is almost dead.
The bullfrog hits you. x2
* * * LOW HITPOINT WARNING * * *
You barely miss the bullfrog.
The bullfrog is almost dead.
The bullfrog hits you.
* * * LOW HITPOINT WARNING * * *
The bullfrog misses you. The bullfrog closely misses you.
Throwing (i - inventory)
j - 91 stones (quivered)
Press: ? - help, Shift-Dir - straight line, f/p - bullfrog
Aim: a bullfrog (almost dead)
You throw a stone. The stone barely misses the bullfrog.
The bullfrog hits you.
You die...

#####.#### ##'## #.##.##.#
#.>......###...## #.##.##.#
##.###.##.##.....## #.##.##.#
#......##.#.>.....## #.#..##.#
###.....###..........###....##.#
.....................'.........#
###.....###..........####..)####
##........#.......## ##..#
###.#######..@..## ##.# #.#
##.F.## #.# #.# ##'## #.# #(#
#.# #(# #.# #(# #.# .(. .(. ...


You could see a bullfrog.

Vanquished Creatures
  2 adders (D:2)
  A shadow imp (D:2)
  A leopard gecko (D:1)
  3 giant cockroaches (D:1)
  3 goblins
  3 hobgoblins
  4 kobolds
  6 bats
  3 frilled lizards
  4 rats
30 creatures vanquished.

Notes
Turn   | Place    | Note
-------+----------+-------------------------------------------
     0 | D:1      | MisterOstroum the Halfling Assassin began the quest for the
                  | Orb.
     0 | D:1      | Reached XP level 1. HP: 14/14 MP: 1/1
   139 | D:1      | Reached XP level 2. HP: 19/19 MP: 2/2
   481 | D:1      | Reached XP level 3. HP: 24/24 MP: 3/3
   615 | D:2      | Found a sacrificial altar of Ru.
   637 | D:2      | Reached skill level 5 in Stealth
   975 | D:2      | Reached XP level 4. HP: 29/29 MP: 4/4
   997 | D:2      | Noticed a bullfrog
  1011 | D:2      | Slain by a bullfrog

Skill      XL: |  1  2  3 |
---------------+----------+-----
Short Blades   | 3 |  3.6
Stealth        | 5 |  5.1
Fighting       | |  1.7
Throwing       | |  2.6
Dodging        | |  1.1

Action                   |  1- 3 |  4- 6 || total
-------------------------+-------+-------++-------
Melee: Dagger            |    26 |     4 ||    30
Throw: Stone             |    18 |     2 ||    20
       Tomahawk          |    29 |     7 ||    36
 Stab: Sleeping          |     4 |       ||     4
Armor: Robe              |     8 |       ||     8
Dodge: Dodged            |    12 |     6 ||    18
